cohdb
Replays
Latest Replays
All Replays
Popular Replays
Top Player Replays
Match Explorer
How It Works
Community
CoH3 Stats
Reddit
Sign in to upload your games and track your stats! →
Sign in with Steam
Match 42162979
Unlisted
Match 42162979
Overview
Messages
Build Orders
End
Construct Weapon Support Center
Selects Armored Battlegroup
Selects Assault Engineers
Assault Engineer Squad
M1919 Machine Gun Team
Assault Engineer Squad
Air Support Center
Assault Engineer Squad
Construct Motor Pool
Grasshopper Recon Run
P-47 Strafing Run
M8 Greyhound Armored Car
Assault Engineer Squad
M1 Anti-tank Gun Team
Selects Strength in Steel
Construct Tank Depot
Mortar Pit
Grasshopper Recon Run
Selects Seek and Destroy
Selects UNKNOWN (2160077)
M4A3E8 Sherman Easy Eight
P-47 Strafing Run
Air Supremacy
Grasshopper Recon Run
P-47 Strafing Run
Double Sortie
Assault Engineer Squad
M4A3E8 Sherman Easy Eight
Rangefinder
Ottoman_Hungary
random 35
Daratek
엘비
Mustache and Melons
0
0
Comments
sign in to comment!
No comments posted yet!